 Dungeon Crawl Stone Soup version 0.22-a0-570-g58866f5d57 (webtiles) character file.

5268 Kholdaimon the Magician (level 10, 0/79 HPs)
             Began as a Gnoll Skald on June 30, 2018.
             Was an Elder of Okawaru.
             Slain by a two-headed ogre
             ... wielding a +0 giant club
              (20 damage)
             ... on level 9 of the Dungeon.
             The game lasted 00:57:06 (10898 turns).

Kholdaimon the Magician (Gnoll Skald)              Turns: 10898, Time: 00:57:06

Health: 0/79       AC: 11    Str: 15    XL:     10   Next: 62%
Magic:  6/21       EV: 14    Int: 18    God:    Okawaru [****..]
Gold:   555        SH:  3    Dex: 14    Spells: 17/23 levels left

rFire    x . .     SeeInvis .   G - +1 falchion (elec)
rCold    + . .     Gourm    .   (no shield)
rNeg     . . .     Faith    .   J - +2 ring mail {MR+}
rPois    .         Spirit   .   (no helmet)
rElec    .         Reflect  +   l - +0 cloak
rCorr    .         Harm     .   (no gloves)
MR       +....                  c - +1 pair of boots
Stlth    ++........             m - +3 amulet of reflection
HPRegen  1.23/turn              (no ring)
MPRegen  0.17/turn              s - ring of ice

@: shrouded, infused, regenerating
A: distributed training, fangs 1, strong nose
a: Heroism, Renounce Religion


You were on level 9 of the Dungeon.
You worshipped Okawaru.
Okawaru was greatly pleased with you.
You were not hungry.

You visited 1 branch of the dungeon, and saw 9 of its levels.

You collected 639 gold pieces.
You spent 84 gold pieces at shops.

Inventory:

Hand Weapons
 n - a +0 hunting sling
 x - a +0 blowgun
 F - a +0 shortbow
 G - a +1 falchion of electrocution (weapon)
Missiles
 f - 24 poisoned needles
 h - 121 stones (quivered)
 j - 35 sling bullets
 k - 218 arrows
 u - 81 bolts
 B - 7 needles of confusion
 M - 2 throwing nets
 N - 5 tomahawks
Armour
 b - a +0 leather armour
 c - a +1 pair of boots (worn)
 g - the +3 scale mail "Ucewakaf" {SInv}
   (You found it on level 4 of the Dungeon)

   It lets you see invisible.
 l - a +0 cloak (worn)
 r - a +0 chain mail
 J - a +2 ring mail of magic resistance (worn)
 Q - a +0 shield
 R - a +0 shield
 S - a +0 shield
Jewellery
 m - a +3 amulet of reflection (around neck)
 s - a ring of ice (right hand)
Wands
 a - a wand of disintegration (11)
 v - a wand of digging (33)
 w - a wand of flame (41)
 L - a wand of enslavement (14)
Scrolls
 o - a scroll of enchant weapon
 q - 4 scrolls of amnesia
 y - 2 scrolls of magic mapping
 z - 3 scrolls of remove curse
 A - a scroll of blinking {unknown}
 C - 3 scrolls of teleportation
 E - a scroll of immolation {unknown}
 I - 2 scrolls of fear {unknown}
 K - 5 scrolls of identify
Potions
 e - 3 potions of agility
 i - 2 potions of curing
 p - a potion of haste
 t - a potion of lignification
 D - 2 potions of berserk rage
 H - a potion of cancellation
 O - a potion of mutation {unknown}
 T - a potion of heal wounds {unknown}
Comestibles
 d - 13 rations
 P - 4 chunks of flesh


   Skills:
 + Level 7.1 Fighting
 + Level 5.3 Short Blades
 + Level 7.1 Long Blades
 + Level 5.3 Axes
 + Level 5.3 Maces & Flails
 + Level 5.3 Polearms
 + Level 5.3 Staves
 + Level 5.3 Slings
 + Level 5.3 Bows
 + Level 5.3 Crossbows
 + Level 5.3 Throwing
 + Level 6.0 Armour
 + Level 7.1 Dodging
 + Level 5.3 Stealth
 + Level 5.3 Shields
 + Level 5.3 Unarmed Combat
 + Level 7.4 Spellcasting
 + Level 4.4 Conjurations
 + Level 4.4 Hexes
 + Level 7.1 Charms
 + Level 4.4 Summonings
 + Level 4.4 Necromancy
 + Level 4.4 Translocations
 + Level 4.4 Transmutations
 + Level 4.4 Fire Magic
 + Level 4.4 Ice Magic
 + Level 4.4 Air Magic
 + Level 4.4 Earth Magic
 + Level 4.4 Poison Magic
 + Level 5.9 Invocations
 + Level 5.3 Evocations


You had 17 spell levels left.
You knew the following spells:

 Your Spells              Type           Power        Failure   Level  Hunger
a - Infusion              Chrm           ####         1%          1    None
b - Shroud of Golubria    Chrm/Tloc      ####......   2%          2    None
c - Regeneration          Chrm/Necr      ####......   5%          3    #......

Your spell library contained the following spells:

 Spells                   Type           Power        Failure   Level  Hunger
 Song of Slaying          Chrm           ####....     1%          2    None
 Spectral Weapon          Hex/Chrm       ####....     5%          3    #......


Dungeon Overview and Level Annotations

Branches:
Dungeon (9/15)             Temple (0/1) D:4
   Lair: D:8-11         Orc: D:9-12

Altars:
Dithmenos
Elyvilon
Gozag
Makhleb
Okawaru
Trog
The Shining One

Shops:
D:6 *


Innate Abilities, Weirdness & Mutations

Your experience applies equally to all skills.
You have very sharp teeth.
Your uncanny sense of smell can sniff out nearby items.


Message History

You hit the two-headed ogre.
The two-headed ogre is severely wounded.
The two-headed ogre barely misses you.
You riposte.
You hit the two-headed ogre.
The two-headed ogre is severely wounded.
The two-headed ogre hits you with a giant spiked club!
* * * LOW HITPOINT WARNING * * *
Casting: Infusion (safe; 1% risk of failure)
Confirm with . or Enter, or press ? or * to list all spells.
Space distorts slightly along a thin shroud covering your body.
The two-headed ogre closely misses you.
You riposte.
You barely miss the two-headed ogre.
The two-headed ogre is severely wounded.
Your shroud bends the two-headed ogre's attack away!
You hit the two-headed ogre. Your bite misses the two-headed ogre.
The two-headed ogre is severely wounded.
You slash the two-headed ogre!
The two-headed ogre is almost dead.
The two-headed ogre hits you with a giant club!!
You die...

∆ (# <..##+#
.. #.(...###
... #..(....#
##...
#...(.@####...
#......O..#.#
........[....#
####.##.#....#
..( #.#....#
... ###....#
.# ... #....#
.... ...
#...## # Z.#
#...# .##.#


You could see a two-headed ogre.

Vanquished Creatures
  A two-headed ogre (D:9)
  A hippogriff (D:8)
  Sigmund (D:3)
  4 yaks (D:9)
  Eustachio (D:9)
  Menkaure (D:4)
  2 sky beasts
  2 orc warriors
  2 ice beasts
  3 black bears
  2 ogres
  A phantom (D:6)
  6 centaurs
  2 big kobolds
  3 gnoll sergeants (D:9)
  3 bullfrogs
  2 scorpions
  A water moccasin skeleton (D:7)
  A howler monkey (D:4)
  3 crimson imps
  3 orc priests
  2 centaur zombies
  2 hounds
  10 orc wizards
  A gnoll shaman (D:4)
  A bullfrog skeleton (D:8)
  5 iguanas
  3 worker ants
  A hound skeleton (D:6)
  2 worker ant zombies
  9 gnolls
  13 adders
  3 oozes
  An adder zombie (D:6)
  2 worms (D:3)
  3 dart slugs
  6 leopard geckos
  21 orcs
  8 bats
  3 giant cockroaches
  8 goblins
  9 hobgoblins
  4 jackals
  3 quokkas
  A ball python (D:3)
  5 frilled lizards
  A jackal zombie (D:6)
  18 kobolds
  2 leopard gecko zombies (D:7)
  4 rats
196 creatures vanquished.

Vanquished Creatures (others)
  A wyvern (D:9)
  2 ogres (D:9)
  A bullfrog (D:9)
  2 jellies (D:9)
  An orc wizard (D:9)
  A worker ant (D:9)
  An adder (D:9)
  A rat (D:2)
  A bush (D:9)
11 creatures vanquished.

Grand Total: 207 creatures vanquished

Notes
Turn   | Place    | Note
-------+----------+-------------------------------------------
     0 | D:1      | Kholdaimon the Gnoll Skald began the quest for the Orb.
     0 | D:1      | Reached XP level 1. HP: 20/20 MP: 6/6
     2 | D:1      | Noticed a human
     2 | D:1      | Noticed an elf
     4 | D:1      | Noticed a naga
     6 | D:1      | Noticed a vampire
     6 | D:1      | Noticed a draconian
     8 | D:1      | Noticed a demigod
    10 | D:1      | Noticed a minotaur
    10 | D:1      | Noticed a centaur
    16 | D:1      | Noticed a dwarf
    16 | D:1      | Noticed a ghoul
    18 | D:1      | Noticed a vine stalker
    18 | D:1      | Noticed a spriggan
    20 | D:1      | Noticed a demonspawn
    20 | D:1      | Noticed a felid
    22 | D:1      | Noticed an ogre
    22 | D:1      | Noticed a troll
    24 | D:1      | Noticed an octopode
    26 | D:1      | Noticed a merfolk
    28 | D:1      | Noticed a tengu
    28 | D:1      | Noticed a gargoyle
    30 | D:1      | Noticed a formicid
    30 | D:1      | Noticed a halfling
   120 | D:1      | Reached XP level 2. HP: 21/26 MP: 1/7
   128 | D:1      | Learned a level 2 spell: Shroud of Golubria
   580 | D:1      | Reached XP level 3. HP: 28/31 MP: 9/9
   607 | D:1      | Reached skill level 5 in Spellcasting
   876 | D:2      | Learned a level 3 spell: Regeneration
   897 | D:2      | Reached skill level 1 in Invocations
  1015 | D:2      | Reached skill level 1 in Short Blades
  1015 | D:2      | Reached skill level 1 in Axes
  1015 | D:2      | Reached skill level 1 in Maces & Flails
  1015 | D:2      | Reached skill level 1 in Polearms
  1015 | D:2      | Reached skill level 1 in Staves
  1015 | D:2      | Reached skill level 1 in Slings
  1015 | D:2      | Reached skill level 1 in Bows
  1015 | D:2      | Reached skill level 1 in Crossbows
  1015 | D:2      | Reached skill level 1 in Throwing
  1015 | D:2      | Reached skill level 1 in Stealth
  1015 | D:2      | Reached skill level 1 in Shields
  1015 | D:2      | Reached skill level 1 in Unarmed Combat
  1015 | D:2      | Reached skill level 1 in Evocations
  1069 | D:2      | Reached XP level 4. HP: 38/38 MP: 11/11
  1631 | D:2      | Reached skill level 1 in Conjurations
  1631 | D:2      | Reached skill level 1 in Hexes
  1631 | D:2      | Reached skill level 1 in Summonings
  1631 | D:2      | Reached skill level 1 in Necromancy
  1631 | D:2      | Reached skill level 1 in Translocations
  1631 | D:2      | Reached skill level 1 in Transmutations
  1631 | D:2      | Reached skill level 1 in Fire Magic
  1631 | D:2      | Reached skill level 1 in Ice Magic
  1631 | D:2      | Reached skill level 1 in Air Magic
  1631 | D:2      | Reached skill level 1 in Earth Magic
  1631 | D:2      | Reached skill level 1 in Poison Magic
  2135 | D:3      | Found a glowing golden altar of the Shining One.
  2195 | D:3      | Reached XP level 5. HP: 30/43 MP: 12/12
  2482 | D:3      | Found a shadowy altar of Dithmenos.
  2598 | D:3      | Noticed Sigmund
  2987 | D:3      | Found a bloodstained altar of Trog.
  3132 | D:3      | Found an iron altar of Okawaru.
  3148 | D:3      | Became a worshipper of Warmaster Okawaru
  4405 | D:3      | Reached XP level 6. HP: 21/50 MP: 13/13
  4743 | D:3      | Found a burning altar of Makhleb.
  4745 | D:3      | Noticed an Executioner
  5042 | D:3      | Found an iron altar of Okawaru.
  5210 | D:3      | Killed Sigmund
  5210 | D:3      | Reached skill level 5 in Fighting
  5210 | D:3      | Reached skill level 5 in Long Blades
  5210 | D:3      | Reached skill level 5 in Dodging
  5210 | D:3      | Reached XP level 7. HP: 40/56 MP: 4/15
  5297 | D:3      | Found a glowing golden altar of the Shining One.
  5317 | D:3      | Found a burning altar of Makhleb.
  5358 | D:3      | Found a shadowy altar of Dithmenos.
  5581 | D:3      | Found a bloodstained altar of Trog.
  5832 | D:4      | Got a fine scale mail
  5837 | D:4      | Found a staircase to the Ecumenical Temple.
  5901 | D:4      | Identified the +3 scale mail "Ucewakaf" {SInv} (You found it on level 4 of the Dungeon)
  6227 | D:4      | Noticed Menkaure
  6232 | D:4      | Killed Menkaure
  6517 | D:5      | Entered Level 5 of the Dungeon
  6778 | D:5      | Reached * piety under Okawaru
  6972 | D:5      | Found an iron altar of Okawaru.
  7126 | D:4      | Reached XP level 8. HP: 63/63 MP: 5/16
  7742 | D:6      | Reached ** piety under Okawaru
  8010 | D:6      | Found Xisifire's Assorted Antiques.
  8029 | D:6      | Bought a scroll of identify for 58 gold pieces
  8029 | D:6      | Bought a black potion for 26 gold pieces
  8180 | D:6      | Reached XP level 9. HP: 30/69 MP: 7/18
  8948 | D:7      | Found an opulent altar of Gozag.
  9150 | D:7      | Reached skill level 5 in Armour
  9300 | D:7      | Reached *** piety under Okawaru
  9915 | D:8      | Reached skill level 5 in Invocations
 10082 | D:8      | Reached XP level 10. HP: 69/77 MP: 20/20
 10447 | D:9      | Found a white marble altar of Elyvilon.
 10493 | D:9      | Noticed a two-headed ogre
 10496 | D:9      | Reached **** piety under Okawaru
 10508 | D:9      | Killed a two-headed ogre
 10508 | D:9      | Received a gift from Okawaru
 10508 | D:9      | Reached skill level 5 in Short Blades
 10508 | D:9      | Reached skill level 5 in Axes
 10508 | D:9      | Reached skill level 5 in Maces & Flails
 10508 | D:9      | Reached skill level 5 in Polearms
 10508 | D:9      | Reached skill level 5 in Staves
 10508 | D:9      | Reached skill level 5 in Slings
 10508 | D:9      | Reached skill level 5 in Bows
 10508 | D:9      | Reached skill level 5 in Crossbows
 10508 | D:9      | Reached skill level 5 in Throwing
 10508 | D:9      | Reached skill level 5 in Stealth
 10508 | D:9      | Reached skill level 5 in Shields
 10508 | D:9      | Reached skill level 5 in Unarmed Combat
 10508 | D:9      | Reached skill level 5 in Evocations
 10695 | D:9      | Noticed Eustachio
 10730 | D:9      | Killed Eustachio
 10884 | D:9      | Noticed a two-headed ogre
 10898 | D:9      | Slain by a two-headed ogre

Vault maps used:
D:1:      kb_arrival_jail
D:2:      lemuel_flame_loot_1
D:3:      bloody_trog, tso_metal_star, makhleb_altar_promises_db,
          grunt_dithmenos_smoke, okawaru_trees_1, uniq_sigmund
D:4:      minmay_temple_entry_grid, first_ration, roderic_lattice_a,
          uniq_menkaure
D:5:      kennysheep_mini_moat
D:6:      serial_shops, nicolae_shop_crystal
D:7:      lemuel_crystal_altar
D:8:      blue_anna_alchemist
D:9:      marbit_many_paths, xom_confusion_cloud, elyvilon_altar_1,
          serial_shops, nicolae_shop_stone, sword_in_stone

Skill      XL: |  1  2  3  4  5  6  7  8  9 10 |
---------------+-------------------------------+-----
Spellcasting   | 5 6 7 |  7.4
Invocations    | 1 2 3 4 5 |  5.9
Short Blades   | 1 2 3 4 5 |  5.3
Axes           | 1 2 3 4 5 |  5.3
Maces & Flails | 1 2 3 4 5 |  5.3
Polearms       | 1 2 3 4 5 |  5.3
Staves         | 1 2 3 4 5 |  5.3
Slings         | 1 2 3 4 5 |  5.3
Bows           | 1 2 3 4 5 |  5.3
Crossbows      | 1 2 3 4 5 |  5.3
Throwing       | 1 2 3 4 5 |  5.3
Stealth        | 1 2 3 4 5 |  5.3
Shields        | 1 2 3 4 5 |  5.3
Unarmed Combat | 1 2 3 4 5 |  5.3
Evocations     | 1 2 3 4 5 |  5.3
Conjurations   | 1 2 3 4 |  4.4
Hexes          | 1 2 3 4 |  4.4
Summonings     | 1 2 3 4 |  4.4
Necromancy     | 1 2 3 4 |  4.4
Translocations | 1 2 3 4 |  4.4
Transmutations | 1 2 3 4 |  4.4
Fire Magic     | 1 2 3 4 |  4.4
Ice Magic      | 1 2 3 4 |  4.4
Air Magic      | 1 2 3 4 |  4.4
Earth Magic    | 1 2 3 4 |  4.4
Poison Magic   | 1 2 3 4 |  4.4
Armour         | 3 4 5 6 |  6.0
Fighting       | 5 6 7 |  7.1
Long Blades    | 5 6 7 |  7.1
Dodging        | 5 6 7 |  7.1
Charms         | 6 7 |  7.1

Action                   |  1- 3 |  4- 6 |  7- 9 | 10-12 || total
-------------------------+-------+-------+-------+-------++-------
Melee: Falchion          |    83 |   193 |   376 |   100 ||   752
       Bite              |     7 |    25 |    46 |    11 ||    89
       Punch             |       |     2 |    10 |     2 ||    14
 Fire: Hunting sling     |       |       |    39 |     7 ||    46
       Shortbow          |       |       |     4 |       ||     4
       Blowgun           |       |       |    12 |       ||    12
Throw: Stone             |       |     9 |       |     3 ||    12
 Cast: Infusion          |     4 |     6 |     8 |     5 ||    23
       Shroud of Golubri |     2 |     6 |    11 |     7 ||    26
       Regeneration      |     1 |     6 |     8 |     4 ||    19
  Use: Scroll            |       |     9 |     6 |       ||    15
       Potion            |       |     1 |       |       ||     1
 Stab: Sleeping          |     2 |       |     2 |       ||     4
  Eat: Chunk             |       |     9 |    15 |     3 ||    27
       Ration            |       |     2 |       |       ||     2
Armor: Leather armour    |    12 |    44 |       |       ||    56
       Skin              |       |    33 |       |       ||    33
       Scale mail        |       |       |   175 |     1 ||   176
       Ring mail         |       |       |       |    42 ||    42
Dodge: Dodged            |    73 |   166 |   232 |    92 ||   563
Block: Other             |       |     1 |    42 |    20 ||    63
       Reflection        |       |       |     1 |       ||     1
       Rpst.: Falchion   |    28 |    50 |    59 |    27 ||   164

Table legend:
 A = Spawn XP
 B = Non-spawn XP
 C = Spawn XP percentage of total XP
 D = Spawn monster count
 E = Non-spawn monster count
 F = Spawn count percentage of total count
 G = Total turns spent on level
                    A         B        C        D         E        F      G
               +---------+---------+-------+---------+---------+-------+---------
         Total |       0 |    7526 |   0.0 |       0 |     196 |   0.0 | 10898
               +---------+---------+-------+---------+---------+-------+---------
           D:1 |       0 |      42 |   0.0 |       0 |      23 |   0.0 |   819
           D:2 |       0 |     106 |   0.0 |       0 |      24 |   0.0 |  2502
           D:3 |       0 |     472 |   0.0 |       0 |      34 |   0.0 |  2441
           D:4 |       0 |     324 |   0.0 |       0 |      10 |   0.0 |   985
           D:5 |       0 |     413 |   0.0 |       0 |      12 |   0.0 |   839
           D:6 |       0 |    1331 |   0.0 |       0 |      35 |   0.0 |  1201
           D:7 |       0 |     962 |   0.0 |       0 |      19 |   0.0 |   744
           D:8 |       0 |    1111 |   0.0 |       0 |      17 |   0.0 |   900
           D:9 |       0 |    2765 |   0.0 |       0 |      22 |   0.0 |   467
               +---------+---------+-------+---------+---------+-------+---------
